 Dungeon Crawl Stone Soup version 0.20.1-1-g8b1a95d (webtiles) character file.

84 papiloppo the Firebug (level 4, -6/25 HPs)
             Began as a Deep Elf Fire Elementalist on Nov 3, 2017.
             Mangled by a gnoll
             ... wielding a +0 spear
              (8 damage)
             ... on level 2 of the Dungeon.
             The game lasted 00:09:25 (1573 turns).

papiloppo the Firebug (Deep Elf Fire Elementalist)  Turns: 1573, Time: 00:09:25

Health: -6/25      AC:  2    Str:  5    XL:     4   Next: 23%
Magic:  0/11       EV: 13    Int: 21    God:
Gold:   56         SH:  0    Dex: 15    Spells: 9/10 levels left

rFire    . . .     SeeInvis .   e - +3 dagger (pain)
rCold    . . .     Gourm    .   (no shield)
rNeg     . . .     Faith    .   q - +0 robe
rPois    .         Spirit   +   (no helmet)
rElec    .         Reflect  .   (no cloak)
rCorr    .         Harm     .   (no gloves)
MR       .....                  (no boots)
Stlth    ++........             n - amulet of guardian spirit
Regen    0.1/turn               (no ring)
MPRegen  0.2/turn               (no ring)

@: no status effects
A: no striking features
a: no special abilities


You were on level 2 of the Dungeon.
You were not hungry.

You visited 1 branch of the dungeon, and saw 2 of its levels.

You collected 56 gold pieces.

Inventory:

Hand Weapons
 e - a +3 dagger of pain (weapon)
Armour
 a - a +0 robe
 q - a +0 robe (worn)
Jewellery
 n - an amulet of guardian spirit (around neck)
Scrolls
 l - a scroll of amnesia
Potions
 g - a potion of mutation
 k - 2 potions of heal wounds
 m - 2 potions of curing {unknown}
 o - a potion of might {unknown}
Books
 b - a book of Flames

   Spells                             Type                      Level
   a - Flame Tongue                   Conjuration/Fire             1
   b - Throw Flame                    Conjuration/Fire             2
   c - Conjure Flame                  Conjuration/Fire             3
   d - Inner Flame                    Hexes/Fire                   3
   e - Sticky Flame                   Conjuration/Fire             4
   f - Fireball                       Conjuration/Fire             5
Comestibles
 c - 3 bread rations
 i - 2 meat rations


   Skills:
 + Level 1.2 Fighting
 + Level 3.0 Dodging
 - Level 2.4 Stealth
 + Level 3.5 Spellcasting
 + Level 2.0 Conjurations
 + Level 4.2 Fire Magic


You had 9 spell levels left.
You knew the following spells:

 Your Spells              Type           Power        Failure   Level  Hunger
a - Flame Tongue          Conj/Fire      ###..        3%          1    None


Dungeon Overview and Level Annotations

Branches:
Dungeon (2/15)

Altars:


Message History

Confirm with . or Enter, or press ? or * to list all spells.
Aiming: Flame Tongue
Press: ? - help, Shift-Dir - straight line, f - gnoll
Aim: a gnoll, wielding a spear The flame tongue hits the gnoll.
The gnoll is heavily wounded.
The gnoll hits you from afar with a spear!
* * * LOW HITPOINT WARNING * * *
Found a robe.
Casting: Flame Tongue
Confirm with . or Enter, or press ? or * to list all spells.
You don't have enough magic to cast that spell.
Casting: Flame Tongue
Confirm with . or Enter, or press ? or * to list all spells.
You don't have enough magic to cast that spell.
Found a scroll of magic mapping.
The gnoll hits you with a club.
* * * LOW HITPOINT WARNING * * *
The gnoll hits you from afar with a spear!
You die...

,,,,,,,*** ##..#..# #..........
,********#####...#..###..........
,* ***,...[..†.................
** **,*#####......#........... **
*,* #..##......).#...... ,* *,*
#........†...†...$.. ,* *,*
#.g##.........!.....
,*******.#####.g.#..#............
,,,,,,,,........@................
**,,****.......#######...........
***,* *,.................#.......
,,,,*##*###..###########.........
***,,...,....,,...!,...#..†......
***#################.#....#....
*,,........##§#...........##...
*,**#####..§..§.#..........###.
*,* #......§#.#....#...........


You could see 2 gnolls.

Vanquished Creatures
  A gnoll (D:2)
  3 adders
  An ooze (D:1)
  3 dart slugs (D:1)
  A leopard gecko (D:1)
  5 bats
  2 giant cockroaches
  6 goblins (D:1)
  5 hobgoblins (D:1)
  A frilled lizard (D:1)
  3 kobolds
  4 rats
35 creatures vanquished.

Notes
Turn   | Place    | Note
-------+----------+-------------------------------------------
     0 | D:1      | papiloppo the Deep Elf Fire Elementalist began the quest for the Orb.
     0 | D:1      | Reached XP level 1. HP: 10/10 MP: 6/6
   102 | D:1      | Reached XP level 2. HP: 13/15 MP: 1/8
   616 | D:1      | Reached XP level 3. HP: 12/20 MP: 4/9
   897 | D:1      | Reached skill level 4 in Fire Magic
  1313 | D:2      | Reached skill level 1 in Fighting
  1493 | D:2      | Reached XP level 4. HP: 25/25 MP: 7/11
  1573 | D:2      | Mangled by a gnoll

Skill      XL: |  1  2  3  4 |
---------------+-------------+-----
Fire Magic     | 4 |  4.2
Fighting       | 1 |  1.2
Conjurations   | 2 |  2.0
Dodging        | 3 |  3.0
Stealth        | |  2.4
Spellcasting   | |  3.5

Action                   |  1- 3 |  4- 6 || total
-------------------------+-------+-------++-------
Melee: Dagger            |    11 |     1 ||    12
 Cast: Flame Tongue      |    51 |    11 ||    62
  Use: Scroll            |     7 |       ||     7
  Eat: Bread ration      |     1 |       ||     1
Armor: Robe              |     3 |       ||     3
Dodge: Dodged            |    16 |     6 ||    22
